 Dungeon Crawl Stone Soup version 0.16.2-12-gd0ad4c3 (webtiles) character file.

1134 faibistes the Cudgeler (level 8, -7/79 HPs)
             Began as an Ogre Warper on Dec 8, 2017.
             Splashed by a jelly's acid (13 damage)
             ... on level 5 of the Dungeon.
             The game lasted 00:20:53 (8088 turns).

faibistes the Cudgeler (Ogre Warper)                Turns: 8088, Time: 00:20:53

Health: -7/79      AC: -5    Str: 17    XL:     8   Next: 36%
Magic:  19/19      EV: 10    Int: 14    God:
Gold:   295        SH:  0    Dex: 14    Spells: 5 memorised, 5 levels left

rFire  . . .     SeeInvis .     w - +0 giant spiked club
rCold  . . .     Clarity  .     b - +1 robe
rNeg   . . .     SustAb   .     (shield restricted)
rPois  .         Gourm    .     (helmet restricted)
rElec  .         Spirit   .     (no cloak)
rCorr  .         Warding  .     (gloves unavailable)
rMut   .         Stasis   .     (boots unavailable)
MR     .....                    (no amulet)
Stlth  +.........               (no ring)
                                r - +5 ring of dexterity

@: corroded equipment, not resistant to hostile enchantments, very unstealthy
A: unfitting armour, tough skin 1
a: no special abilities


You were on level 5 of the Dungeon.
You were not hungry.

You visited 2 branches of the dungeon, and saw 9 of its levels.

You collected 295 gold pieces.

Inventory:

Hand weapons
 a - a +0 mace
 w - a +0 giant spiked club (weapon)
 B - a +0 giant club
Missiles
 e - 5 tomahawks of dispersal
 h - 159 stones
 C - 8 javelins (quivered)
Armour
 b - a +1 robe (worn)
Jewellery
 g - an uncursed ring of stealth {unknown}
 r - a +5 ring of dexterity (left hand)
 y - an uncursed ring of teleportation
Magical devices
 u - a wand of cold (10)
 x - a wand of digging (7)
Scrolls
 d - 2 scrolls of blinking
 i - 2 scrolls of remove curse
 m - a scroll of fog {unknown}
 n - a scroll of teleportation
 t - 2 scrolls of enchant armour
Potions
 k - a potion of heal wounds
 l - 2 potions of restore abilities
 o - a potion of cancellation
 p - a potion of degeneration {unknown}
 s - a potion of curing
 z - a potion of might {unknown}
Books
 c - a book of Spatial Translocations

   Spells                             Type                      Level
   a - Apportation                    Translocation                1
   b - Blink                          Translocation                2
   c - Shroud of Golubria             Charms/Translocation         2
   d - Portal Projectile              Translocation                3
   e - Teleport Other                 Translocation                3
   f - Passage of Golubria            Translocation                4
Comestibles
 f - 2 meat rations
 j - 3 beef jerkies
 q - a royal jelly
 v - 6 bread rations
 A - 5 chunks of flesh


   Skills:
 + Level 4.3 Fighting
 * Level 6.0 Maces & Flails
 * Level 4.4 Throwing
 + Level 2.1 Armour
 - Level 1.7 Dodging
 * Level 4.8 Spellcasting
 + Level 1.3 Charms
 * Level 3.7 Translocations
 + Level 2.1 Evocations


You had 5 spell levels left.
You knew the following spells:

 Your Spells              Type           Power        Failure   Level  Hunger
a - Apportation           Tloc           ##........   3%          1    None
b - Teleport Other        Tloc           ##......     12%         3    ###....
c - Shroud of Golubria    Chrm/Tloc      ##........   12%         2    ##.....
d - Blink                 Tloc           N/A          6%          2    ##.....
e - Portal Projectile     Tloc           ##....       12%         3    ###....


Dungeon Overview and Level Annotations

Branches:
Dungeon (8/15)             Temple (1/1) D:4
   Lair: D:8-11

Altars:
Elyvilon
Fedhas
Gozag
Kikubaaqudgha
Makhleb
Nemelex Xobeh
Okawaru
Qazlal
Ru
Sif Muna
Trog
Vehumet
Xom
Zin
The Shining One

Annotations:
D:4 Eustachio


Innate Abilities, Weirdness & Mutations

You are too large for most types of armour.
You have tough skin (AC +1).


Message History

The jelly hits you.
You are splashed with acid!
The acid burns!
Your shroud falls apart!
You barely miss the jelly.
The jelly is almost dead.
The jelly hits you.
You are splashed with acid!
The acid burns!
The jelly hits you.
You are splashed with acid!
The acid burns!
You completely miss the jelly.
The jelly is almost dead.
The jelly hits you.
You are splashed with acid!
The acid burns!
* * * LOW HITPOINT WARNING * * *
You hit the jelly but do no damage.
The jelly is almost dead.
The jelly hits you.
* * * LOW HITPOINT WARNING * * *
You are splashed with acid!
The acid burns!
* * * LOW HITPOINT WARNING * * *
The jelly hits you.
* * * LOW HITPOINT WARNING * * *
You are splashed with acid!
The acid burns!
You die...

########### ######
#.........# #####.....
#.........# #...+.....
#.....J@..# #...#.....
#.........######..#.....
##.####........##'#.....
#......#....#.....
#......#....'.....
#......#....#.....
+......+....#.....
##+####......#.##.#.....
#....#####+###.##.##....


You could see a jelly.

Vanquished Creatures
  Grinder (D:6)
  An ice beast (D:5)
  2 ogres (D:5)
  Sigmund (D:5)
  Duvessa (D:5)
  The ghost of DEFE the Cutter, an average DEWr (D:3)
  Dowan (D:5)
  A crimson imp (D:5)
  3 jellies (D:5)
  2 hounds (D:4)
  A goliath beetle (D:7)
  An orc wizard (D:3)
  2 gnolls (D:4)
  7 adders
  2 worms
  6 giant geckos
  2 oozes (D:3)
  4 orcs
  11 goblins
  8 hobgoblins
  8 jackals
  3 quokkas
  3 ball pythons
  A ball python skeleton (D:4)
  9 bats
  4 giant cockroaches
  5 giant newts
  10 kobolds
  11 rats
112 creatures vanquished.

Notes
Turn   | Place    | Note
--------------------------------------------------------------
     0 | D:1      | faibistes, the Ogre Warper, began the quest for the Orb.
     0 | D:1      | Reached XP level 1. HP: 22/22 MP: 3/3
   439 | D:1      | Reached skill level 1 in Armour
   439 | D:1      | Reached XP level 2. HP: 29/29 MP: 5/5
   446 | D:1      | Learned a level 2 spell: Blink
   449 | D:1      | Learned a level 2 spell: Shroud of Golubria
   604 | D:1      | Reached skill level 3 in Fighting
  1361 | D:2      | Reached XP level 3. HP: 22/37 MP: 2/6
  1588 | D:3      | Found a burning altar of Makhleb.
  1588 | D:3      | Found a white marble altar of Elyvilon.
  1588 | D:3      | Found an ancient bone altar of Kikubaaqudgha.
  1588 | D:3      | Found a sparkling altar of Nemelex Xobeh.
  1588 | D:3      | Found a stormy altar of Qazlal.
  1591 | D:3      | Noticed DEFE's ghost (average DEWr)
  1772 | D:2      | Reached XP level 4. HP: 38/45 MP: 5/8
  1818 | D:2      | Learned a level 3 spell: Teleport Other
  2535 | D:2      | Found an opulent altar of Gozag.
  2536 | D:2      | Found a glowing silver altar of Zin.
  2800 | D:3      | Found a bloodstained altar of Trog.
  3021 | D:3      | Killed DEFE's ghost
  3021 | D:3      | Reached XP level 5. HP: 16/53 MP: 0/11
  3468 | D:3      | Reached skill level 4 in Maces & Flails
  3474 | D:3      | Learned a level 3 spell: Portal Projectile
  4601 | D:4      | Found a staircase to the Ecumenical Temple.
  4613 | D:4      | Reached XP level 6. HP: 54/61 MP: 13/13
  5248 | Temple   | Entered the Ecumenical Temple
  5373 | D:5      | Entered Level 5 of the Dungeon
  6341 | D:5      | Noticed Eustachio
  6724 | D:5      | Reached skill level 1 in Evocations
  6724 | D:5      | Reached XP level 7. HP: 37/68 MP: 5/17
  6903 | D:5      | Noticed Duvessa
  6904 | D:5      | Noticed Dowan
  6920 | D:5      | Killed Duvessa
  6920 | D:5      | Reached skill level 5 in Maces & Flails
  6926 | D:5      | HP: 2/68 [Dowan/shard of ice (14)]
  6931 | D:5      | Killed Dowan
  7280 | D:5      | Reached skill level 1 in Charms
  7300 | D:5      | Found a glowing golden altar of the Shining One.
  7347 | D:5      | Noticed Sigmund
  7353 | D:5      | Killed Sigmund
  7467 | D:6      | Noticed Grinder
  7473 | D:6      | Killed Grinder
  7473 | D:6      | Reached XP level 8. HP: 49/78 MP: 15/18
  7737 | D:8      | Noticed a basilisk
  7781 | D:5      | Found an iron altar of Okawaru.
  7940 | D:5      | Reached skill level 6 in Maces & Flails
  8088 | D:5      | Splashed by a jelly's acid

Action                   |  1- 3 |  4- 6 |  7- 9 || total
-------------------------+-------+-------+-------++-------
Melee: Mace              |   103 |   253 |       ||   356
       Giant spiked club |       |       |    72 ||    72
       Giant club        |       |       |    12 ||    12
Throw: Stone             |       |   174 |     9 ||   183
       Javelin           |       |       |     8 ||     8
 Cast: Shroud of Golubri |     5 |    22 |     9 ||    36
       Portal Projectile |       |     4 |     2 ||     6
       Blink             |       |     2 |       ||     2
  Use: Scroll            |       |    12 |       ||    12
       Potion            |       |       |     2 ||     2
 Stab: Sleeping          |       |     1 |       ||     1
  Eat: Chunk             |     3 |    16 |     3 ||    22
       Fruit             |       |     2 |       ||     2
       Beef jerky        |       |       |     1 ||     1
       Royal jelly       |       |       |     1 ||     1
